 Dungeon Crawl Stone Soup version 0.31-a0-150-g89dc3ad700 (webtiles) character file.

Game seed: 2452060948113109258

280 qw the Shooter (level 6, -1/38 HPs)
             Began as a Gargoyle Hunter on June 8, 2023.
             Was an Initiate of Okawaru.
             Slain by a hobgoblin
             ... wielding a +0 club
              (3 damage)
             ... on level 5 of the Dungeon.
             The game lasted 00:01:28 (3720 turns).

qw the Shooter (Gargoyle Hunter)                    Turns: 3720, Time: 00:01:28

Health: -1/38      AC:  9    Str: 14    XL:     6   Next: 27%
Magic:  6/6        EV: 10    Int: 10    God:    Okawaru [......]
Gold:   121        SH:  0    Dex: 15    Spells: 5/5 levels left

rFire   . . .        Y - +1 shortbow (flame)
rCold   . . .        (shield currently unavailable)
rNeg    + . .        f - +0 ring mail
rPois   inf          (no helmet)
rElec   +            (no cloak)
rCorr   +            (no gloves)
SInv    .            (no boots)
Will    .....        (no amulet)
Stlth   +            b - ring of resist corrosion
HPRegen 0.26/turn    (no ring)
MPRegen 0.10/turn

%: no passive effects
@: about to teleport
A: sickness immunity, AC +4, negative energy resistance 1, electricity
resistance, torment resistance 1, petrification resistance, talons 1
a: Renounce Religion


You were on level 5 of the Dungeon.
You worshipped Okawaru.
Okawaru was noncommittal.
You visited 2 branches of the dungeon, and saw 6 of its levels.

You collected 242 gold pieces.
You spent 121 gold pieces at shops.


Innate Abilities, Weirdness & Mutations

You are immune to sickness and miasma.
Your stone body is resilient. (AC +4)
You are immune to poison.
You resist negative energy. (rN+)
You are resistant to electric shocks. (rElec)
You are resistant to unholy torment.
You are immune to petrification.
You have sharp toenails.


   Skills:
 - Level 4.0 Fighting
 + Level 6.5 Ranged Weapons
 - Level 1.0 Armour
 - Level 1.5 Dodging
 - Level 1.1 Stealth


You had 5 spell levels left.
You didn't know any spells.
Your spell library was empty.

Inventory:

Hand Weapons
 Y - a +1 shortbow of flaming (weapon)
Armour
 f - a +0 ring mail (worn)
Jewellery
 b - a ring of resist corrosion (left hand)
 d - the ring "Bour" {rPois rF+ MP+9 Dex-3}
   (You acquired it on level 4 of the Dungeon)

   [ring of magical power]

   Dex:       It affects your dexterity (-3).
   rF:        It protects you from fire.
   rPois:     It protects you from poison.
   MP:        It affects your magic capacity (+9).
 n - a +4 ring of slaying {mikee}
Scrolls
 k - a scroll of identify
Potions
 c - a potion of attraction {unknown}
 e - 2 potions of curing
 g - a potion of cancellation
 h - 2 potions of mutation
 i - a potion of invisibility {unknown}
 j - a potion of might
 l - a potion of haste {unknown}
 m - a potion of heal wounds {unknown}

Dungeon Overview and Level Annotations

Branches:
Dungeon (5/15)             Temple (1/1) D:4

Altars:
Ashenzari
Cheibriados
Dithmenos
Elyvilon
Fedhas
Gozag
Hepliaklqana
Kikubaaqudgha
Makhleb
Nemelex Xobeh
Okawaru
Qazlal
Ru
Sif Muna
Trog
Uskayaw
Vehumet
Wu Jian
Xom
Yredelemnul
Zin
The Shining One

Shops:
D:1 =   D:3 !

Annotations:
D:3 1 runed translucent door, Crazy Yiuf
D:5 qw's ghost, novice GrFi


Message History

You shoot an arrow. The arrow hits the kobold brigand.
The arrow burns the kobold brigand.
The kobold brigand is severely wounded.
The hobgoblin hits you but does no damage.
The kobold hits you but does no damage.
The kobold brigand hits you with a +0 dagger of draining.
The hobgoblin hits you but does no damage.
The kobold hits you with a +0 club.
You shoot an arrow.
The arrow barely misses the kobold brigand.
The hobgoblin barely misses you. The kobold hits you but does no damage.
The kobold brigand barely misses you. The hobgoblin hits you with a +0 club.
The kobold hits you but does no damage.
You shoot an arrow.
The arrow hits the kobold brigand but does no damage.
The kobold brigand is severely wounded.
The hobgoblin misses you. The kobold barely misses you.
The kobold brigand hits you but does no damage.
The hobgoblin hits you but does no damage.
The kobold closely misses you. The hobgoblin closely misses you.
The hobgoblin hits you but does no damage.
The kobold brigand hits you with a +0 dagger of draining.
The kobold hits you but does no damage. The kobold barely misses you.
You shoot an arrow. The arrow misses the kobold brigand.
The hobgoblin misses you.
The hobgoblin hits you but does no damage.
The kobold hits you with a +0 club. The kobold misses you.
The kobold brigand hits you with a +0 dagger of draining.
3719 ||| READING scroll of teleportation.
As you read the scroll of teleportation, it crumbles to dust.
You feel strangely unstable. The hobgoblin barely misses you.
The hobgoblin hits you with a +0 club. The kobold hits you but does no damage.
The kobold brigand hits you with a +0 dagger of draining.
The kobold hits you but does no damage.
You shoot an arrow. The arrow hits the kobold brigand.
The arrow burns the kobold brigand.
The kobold brigand is almost dead.
The hobgoblin hits you with a +0 club.
You die...

### ....#
.....K######
#KKK@K..#
###ggK......
######...#
### .. . .
### ?# ..
...


You could see a kobold brigand, 2 hobgoblins and 5 kobolds.

Vanquished Creatures
  A hound (D:4)
  2 jellies (D:4)
  Ijyb (D:4)
  6 adders
  4 worms
  2 dart slugs
  7 orcs
  8 ball pythons
  7 bats
  An endoplasm (D:4)
  5 giant cockroaches
  9 goblins
  6 hobgoblins
  6 jackals (D:2)
  5 quokkas
  4 frilled lizards
  10 kobolds
  3 rats
87 creatures vanquished.

Notes
Turn   | Place    | Note
-------+----------+-------------------------------------------
     0 | D:1      | qw the Gargoyle Hunter began the quest for the Orb.
     0 | D:1      | Reached XP level 1. HP: 12/12 MP: 1/1
     0 | D:1      | 0 ||| qw: Version: 0.2-a-119-g7aa9181
     0 | D:1      | 0 ||| qw: Game counter: 2800
     0 | D:1      | 0 ||| qw: Always use a shield: true
     0 | D:1      | 0 ||| qw: God list: Okawaru
     0 | D:1      | 0 ||| qw: Allow faded altars: false
     0 | D:1      | 0 ||| qw: Do Orc after D:15 true
     0 | D:1      | 0 ||| qw: Do second Lair branch before Depths: true
     0 | D:1      | 0 ||| qw: Lair rune preference: random
     0 | D:1      | 0 ||| qw: Plans: Normal
     0 | D:1      | 0 ||| PLANNING D:1-11
   102 | D:1      | Found Ywih's Jewellery Shoppe.
   112 | D:1      | 112 ||| SHOPLISTING +4 ring of slaying (858 gold, have 46).
   112 | D:1      | 112 ||| SHOPLISTING +6 ring of dexterity (396 gold, have
                  | 46).
   112 | D:1      | 112 ||| SHOPLISTING amulet "Buele" {Spirit rPois Regen+
                  | Str+3} (522 gold, have 46).
   112 | D:1      | 112 ||| SHOPLISTING ring of fire (275 gold, have 46).
   112 | D:1      | 112 ||| SHOPLISTING ring of see invisible (165 gold, have
                  | 46).
   241 | D:1      | Reached XP level 2. HP: 15/17 MP: 2/2
   480 | D:1      | 480 ||| FLEEEEING.
   567 | D:1      | 567 ||| UPGRADING to +0 ring mail.
   577 | D:1      | 577 ||| DROPPING +0 leather armour.
   578 | D:1      | 578 ||| READING 2 scrolls labelled EGEASE FATOZELLYRY.
   582 | D:1      | 582 ||| DRINKING 2 lumpy black potions.
   583 | D:1      | 583 ||| DRINKING 2 bubbling inky potions.
   584 | D:1      | 584 ||| DROPPING scroll of butterflies.
   585 | D:1      | 585 ||| DROPPING potion of magic.
   628 | D:2      | Reached XP level 3. HP: 21/21 MP: 3/3
   704 | D:2      | Reached skill level 1 in Armour
   991 | D:2      | Reached skill level 5 in Ranged Weapons
  1419 | D:2      | 1419 ||| UPGRADING to ring of resist corrosion.
  1420 | D:2      | 1420 ||| READING scroll labelled NENATH EH HOIK.
  1421 | D:2      | 1421 ||| DRINKING 2 murky black potions.
  1421 | D:2      | Gained mutation: You have sharp toenails. [potion of
                  | mutation]
  1421 | D:2      | Gained mutation: You sometimes lose your temper in combat.
                  | [potion of mutation]
  1421 | D:2      | Lost mutation: You sometimes lose your temper in combat.
                  | [potion of mutation]
  1501 | D:3      | Found Tuocukk's Distillery.
  1548 | D:3      | 1548 ||| BUYING potion of cancellation (88 gold).
  1548 | D:3      | Bought a potion of cancellation for 88 gold pieces
  1548 | D:3      | 1548 ||| BUYING potion of curing (33 gold).
  1548 | D:3      | Bought a potion of curing for 33 gold pieces
  1548 | D:3      | 1548 ||| SHOPLISTING potion of heal wounds (55 gold, have
                  | 26).
  1548 | D:3      | 1548 ||| SHOPLISTING potion of resistance (110 gold, have
                  | 26).
  1621 | D:3      | Reached skill level 3 in Fighting
  1621 | D:3      | Reached XP level 4. HP: 28/28 MP: 4/4
  1881 | D:3      | Found a runed translucent door.
  1882 | D:3      | Noticed Crazy Yiuf
  2097 | D:3      | Identified the +8 plate armour of Complete Protection
                  | {rPois Int+4}
  2611 | D:3      | 2611 ||| UPGRADING to amulet of guardian spirit.
  2616 | D:3      | 2616 ||| READING scroll labelled CUSYATT SIKOFI.
  2662 | D:4      | Reached XP level 5. HP: 30/32 MP: 5/5
  2760 | D:4      | Reached skill level 6 in Ranged Weapons
  2772 | D:4      | Found a staircase to the Ecumenical Temple.
  2773 | D:4      | 2773 ||| PLANNING TEMPLE
  2773 | D:4      | 2773 ||| READING scroll labelled POHAIJAGEF.
  2780 | Temple   | Entered the Ecumenical Temple
  2948 | Temple   | 2948 ||| PLANNING OKAWARU WORSHIP
  3048 | Temple   | Became a worshipper of Warmaster Okawaru
  3048 | Temple   | 3048 ||| PLANNING D:1-11
  3049 | Temple   | 3049 ||| REMOVING amulet of guardian spirit.
  3054 | Temple   | 3054 ||| DROPPING amulet of guardian spirit.
  3175 | D:4      | Noticed Ijyb
  3181 | D:4      | 3181 ||| DRINKING 6 potions of curing.
  3181 | D:4      | 3181 ||| (to cure confusion)
  3183 | D:4      | 3183 ||| DRINKING 5 potions of curing.
  3183 | D:4      | 3183 ||| (to cure confusion)
  3186 | D:4      | 3186 ||| DRINKING 4 potions of curing.
  3186 | D:4      | 3186 ||| (to cure confusion)
  3188 | D:4      | Killed Ijyb
  3464 | D:4      | Reached XP level 6. HP: 38/38 MP: 6/6
  3470 | D:4      | Found a glowing silver altar of Zin.
  3656 | D:4      | 3656 ||| READING scroll labelled HEXOME BI NYPP.
  3657 | D:4      | 3657 ||| READING scroll labelled VYSION ROCRAB.
  3658 | D:4      | 3658 ||| READING scroll labelled HOUNAR UCOE.
  3658 | D:4      | Identified a scroll of acquirement
  3658 | D:4      | 3658 ||| ACQUIRING ring "Bour" {rPois rF+ MP+9 Dex-3}
  3658 | D:4      | Acquired the ring "Bour" {rPois rF+ MP+9 Dex-3}
  3660 | D:4      | 3660 ||| DRINKING 2 amethyst potions.
  3661 | D:4      | 3661 ||| DRINKING 3 brown potions.
  3662 | D:4      | 3662 ||| DRINKING 3 potions of curing.
  3662 | D:4      | 3662 ||| (to cure confusion)
  3663 | D:4      | 3663 ||| DROPPING 2 potions of ambrosia.
  3669 | D:5      | Entered Level 5 of the Dungeon
  3699 | D:5      | Noticed qw's ghost (novice GrFi)
  3718 | D:5      | HP: 7/38 [kobold brigand/+0 dagger of draining (3)]
  3719 | D:5      | 3719 ||| READING scroll of teleportation.
  3719 | D:5      | HP: 3/38 [hobgoblin/+0 club (4)]
  3720 | D:5      | Slain by a hobgoblin

Levels and vault maps discovered:
D:1:      minmay_arrival_semitransparent, layout_basic, serial_shops, shop,
          minmay_pentomino_v2
D:2:      layout_basic
D:3:      layout_basic, serial_shops, nicolae_shop_tiny_glass,
          kennysheep_generic_room_5, uniq_crazy_yiuf_cottage
D:4:      layout_loops_ring, old_standard_altar, minmay_temple_entry_trees,
          minmay_fountain_box, uniq_ijyb
D:5:      cheibrodos_thug_alley, layout_loops_ring,
          hellmonk_ghost_happy_afterlife, water_maze_lemuel
Temple:   mainiacjoe_temple_hex_bubbles

Skill      XL: |  1  2  3  4  5 |
---------------+----------------+-----
Armour         | 1 |  1.0
Ranged Weapons | 5 6 |  6.5
Fighting       | 3 4 |  4.0
Dodging        | |  1.5
Stealth        | |  1.1

Action                     |  1- 3 |  4- 6 || total
---------------------------+-------+-------++-------
   Fire: Shortbow          |   154 |   176 ||   330
    Use: Potion            |     3 |     6 ||     9
         Scroll            |     2 |     6 ||     8
 Armour: Leather armour    |    18 |       ||    18
         Ring mail         |    17 |    69 ||    86
  Dodge: Dodged            |    50 |    87 ||   137

Table legend:
 A = Non-vault XP
 B = Vault XP
 C = Vault XP percentage of total XP
 D = Non-vault monster count
 E = Vault monster count
 F = Vault count percentage of total count
                 A         B        C        D         E       F
            +---------+---------+-------+---------+---------+-------
      Total |     355 |      46 |  11.5 |      80 |       7 |   8.0
            +---------+---------+-------+---------+---------+-------
        D:1 |      27 |       1 |   3.6 |      15 |       1 |   6.2
        D:2 |      43 |       0 |   0.0 |      22 |       0 |   0.0
        D:3 |      67 |       1 |   1.5 |      24 |       1 |   4.0
        D:4 |     218 |      36 |  14.2 |      19 |       1 |   5.0
        D:5 |       0 |       8 | 100.0 |       0 |       4 | 100.0
            +---------+---------+-------+---------+---------+-------
